 Dungeon Crawl Stone Soup version 0.29-a0-294-g83ea962da3 (webtiles) character file.

Game seed: 15565858322039715427

41 sanka the Insei (level 3, 35/35 HPs)
             Began as a Gnoll Monk on Mar 18, 2022.
             Was a Priest of Zin.
             Quit the game on level 2 of the Dungeon.
             The game lasted 00:01:24 (1209 turns).

sanka the Insei (Gnoll Monk)                        Turns: 1209, Time: 00:01:24

Health: 35/35      AC:  9    Str: 12    XL:     3   Next: 52%
Magic:  4/4        EV: 13    Int:  9    God:    Zin [***...]
Gold:   66         SH:  0    Dex: 14    Spells: 3/3 levels left

rFire   . . .      SeeInvis .     - Unarmed
rCold   . . .      Faith    .   (no shield)
rNeg    . . .      Spirit   .   g - +4 ring mail
rPois   .          Reflect  .   (no helmet)
rElec   .          Harm     .   (no cloak)
rCorr   .          Rampage  .   (no gloves)
Will    .....                   (no boots)
Stlth   ++........              (no amulet)
HPRegen 0.11/turn               (no ring)
MPRegen 0.09/turn               (no ring)

@: no status effects
A: fangs 1, strong nose, distributed training
a: Renounce Religion, Recite, Vitalisation, Imprison, Donate Gold


You were on level 2 of the Dungeon.
You worshipped Zin.
Zin was most pleased with you.
You visited 1 branch of the dungeon, and saw 2 of its levels.

You collected 73 gold pieces.
You donated 7 gold pieces to Zin.


Innate Abilities, Weirdness & Mutations

You have very sharp teeth.
Your uncanny sense of smell can sniff out nearby items.
Your experience applies equally to all skills.


   Skills:
 + Level 6.5 Fighting
 + Level 0.8 Short Blades
 + Level 0.8 Long Blades
 + Level 0.8 Axes
 + Level 0.8 Maces & Flails
 + Level 0.8 Polearms
 + Level 0.8 Staves
 + Level 0.8 Slings
 + Level 0.8 Bows
 + Level 0.8 Crossbows
 + Level 0.8 Throwing
 + Level 0.8 Armour
 + Level 6.5 Dodging
 + Level 4.1 Stealth
 + Level 0.8 Shields
 + Level 6.5 Unarmed Combat
 + Level 0.8 Spellcasting
 + Level 0.5 Conjurations
 + Level 0.5 Hexes
 + Level 0.5 Summonings
 + Level 0.5 Necromancy
 + Level 0.5 Translocations
 + Level 0.5 Transmutations
 + Level 0.5 Fire Magic
 + Level 0.5 Ice Magic
 + Level 0.5 Air Magic
 + Level 0.5 Earth Magic
 + Level 0.5 Poison Magic
 + Level 1.0 Invocations
 + Level 0.8 Evocations


You had 3 spell levels left.
You didn't know any spells.
Your spell library contained the following spells:

 Spells                   Type           Power      Damage    Failure   Level
 Summon Small Mammal      Summ           4%         N/A       56%         1
 Call Canine Familiar     Summ           1%         N/A       90%         3
 Summon Guardian Golem    Hex/Summ       1%         N/A       90%         3

Inventory:

Missiles
 h - 6 poisoned darts (quivered)
Armour
 a - a +0 robe
 g - a +4 ring mail (worn)
Wands
 m - a wand of polymorph (10)
 n - a wand of iceblast (5)
Scrolls
 c - a scroll of acquirement {unknown}
 d - 4 scrolls of identify {unknown}
 j - a scroll of fog {unknown}
 k - a scroll of torment {unknown}
 o - a scroll of immolation {unknown}
Potions
 b - a potion of ambrosia
 e - 2 potions of attraction {unknown}
 f - a potion of mutation {unknown}
 i - a potion of might {unknown}
 l - a potion of brilliance {unknown}

Dungeon Overview and Level Annotations

Branches:
Dungeon (2/15)

Altars:
Zin

▒.▒▒▒ ▒▒..........▒
▒▒.▒▒▒▒▒ ▒...........▒
.......▒ ▒▒▒▒...........▒
.......▒
▒▒..............▒
.......▒
▒▒..▒▒▒▒........▒▒
...>...▒▒▒..▒▒ ▒▒......▒▒
.......▒▒..▒▒▒▒▒▒▒▒▒▒▒▒▒▒
......[▒▒.▒▒▒.........▒
....▒▒....▒ ▒...g.....▒
▒.▒....▒▒▒▒▒▒.........▒
......................▒
...▒▒▒......▒.........▒
.▒▒....▒▒▒▒▒▒.........▒
▒▒..▒▒.▒▒▒ ▒.........▒
▒..▒▒▒...▒ ▒▒▒▒▒▒▒▒▒▒▒
..▒▒ ▒▒▒.▒▒ ▒▒▒ ▒..▒


There were no monsters in sight!


Message History

m - a wand of polymorph (10)
Found a stone staircase leading down.
There is a stone staircase leading down here.
Found a runed wooden wand.
n - a wand of iceblast (5)
Found a faded altar of an unknown god.
Found a plate armour.
You see here a +0 plate armour.
Found a scroll labelled UTHAFED ZIDUSO.
o - a scroll labelled UTHAFED ZIDUSO
There is an escape hatch in the ceiling here.
Found a stone staircase leading up.
Done exploring.
Done exploring.
Done exploring.
Done exploring.
Search for what [Enter for "."]? .
There is a stone staircase leading down here.
There is a faded altar of an unknown god here.
You cannot tell which god this altar belongs to.
Convert to them anyway?
Zin accepts your prayer! Zin welcomes you!
You can now recite Zin's Axioms of Law.
You can now call upon Zin for vitalisation.
You pay a tithe of 7 gold.
You can now donate money to Zin.
You can now call upon Zin to imprison the lawless.
Unknown command.
Press < or > to pray at altars.
Are you sure you want to abandon this character and quit the game? (Confirm with "yes".)

Action                   || total
-------------------------++-------
Melee: Unarmed           ||    75
       Bite              ||     7
       Punch             ||     2
 Stab: Sleeping          ||     5
Armor: Robe              ||     9
       Ring mail         ||    10
Dodge: Dodged            ||    51

Levels and vault maps discovered:
D:1:      onia_arrival_pentagram, layout_basic, minivault_11
D:2:      layout_rooms, basic_ecumenical_altar, minmay_misc_feat_chi,
          palyth_stone_intersect

Notes
Turn   | Place    | Note
-------+----------+-------------------------------------------
     0 | D:1      | sanka the Gnoll Monk began the quest for the Orb.
     0 | D:1      | Reached XP level 1. HP: 23/23 MP: 1/1
   155 | D:1      | Reached XP level 2. HP: 28/29 MP: 2/2
   465 | D:1      | Reached XP level 3. HP: 35/35 MP: 3/3
   901 | D:2      | Reached skill level 1 in Invocations
  1032 | D:2      | Found a faded altar of an unknown god.
  1208 | D:2      | Prayed at the altar of an unknown god.
  1208 | D:2      | Became a worshipper of Zin the Law-Giver
  1208 | D:2      | Reached * piety under Zin
  1208 | D:2      | Reached ** piety under Zin
  1208 | D:2      | Reached *** piety under Zin
  1209 | D:2      | Quit the game

Vanquished Creatures
  A worm (D:2)
  A dart slug (D:2)
  3 bats (D:1)
  6 endoplasms (D:1)
  A giant cockroach (D:1)
  3 goblins
  A hobgoblin (D:1)
  4 jackals
  2 kobolds (D:2)
  4 ball pythons
  6 frilled lizards
  2 rats
34 creatures vanquished.
